 Dungeon Crawl Stone Soup version 0.28.0-53-g5a82cb258f (webtiles) character file.

Game seed: 17784908810157880755

4100 Peloso the Basher (level 10, -5/86 (88) HPs)
             Began as a Minotaur Fighter on July 2, 2022.
             Was an Elder of Okawaru.
             Slain by a wight
             ... wielding a +2 dagger of flaming
              (10 damage)
             ... on level 9 of the Dungeon.
             The game lasted 00:11:59 (6819 turns).

Peloso the Basher (Minotaur Fighter)                Turns: 6819, Time: 00:12:00

HP:   -5/86 (88)    AC: 13    Str: 24    XL:     10   Next: 6%
MP:   9/9           EV:  8    Int:  5    God:    Okawaru [****..]
Gold: 380           SH: 11    Dex: 17    Spells: 9/9 levels left

rFire   . . .      SeeInvis .   c - +10 morningstar "Eos" {elec, Halo rElec}
rCold   . . .      Faith    .   d - +0 kite shield
rNeg    . . .      Spirit   .   g - +1 chain mail
rPois   .          Reflect  .   (helmet restricted)
rElec   +          Harm     .   (no cloak)
rCorr   .          Rampage  .   x - +0 pair of gloves
Will    .....                   (no boots)
Stlth   ..........              (no amulet)
HPRegen 0.24/turn               B - +6 ring of dexterity
MPRegen 0.11/turn               (no ring)

@: glowing, lightly drained
A: horns 2, retaliatory headbutt
a: Renounce Religion, Heroism, Finesse


You were on level 9 of the Dungeon.
You worshipped Okawaru.
Okawaru was greatly pleased with you.
You visited 2 branches of the dungeon, and saw 10 of its levels.

You collected 380 gold pieces.

Inventory:

Hand Weapons
 a - a +0 long sword
 b - the +10 whip of Trauma {spect, Int+4}
   (You found it on level 4 of the Dungeon)

   When its wielder attacks, the weapon's spirit leaps out and strikes again.
   The spirit shares a part of any damage it takes with its wielder.
   Int:       It affects your intelligence (+4).
 c - the +10 morningstar "Eos" (weapon) {elec, Halo rElec}
   (You took it off a kobold on level 3 of the Dungeon)

   It occasionally discharges a powerful burst of electricity upon striking a
   foe.
   It grants its wielder a halo, increasing accuracy against those within it.
   rElec:     It insulates you from electricity.
Armour
 d - a +0 kite shield (worn)
 g - a +1 chain mail (worn)
 x - a +0 pair of gloves (worn)
Jewellery
 h - a ring of wizardry
 B - a +6 ring of dexterity (left hand)
 E - a ring of protection from cold
 F - a +6 ring of dexterity
Wands
 k - a wand of flame (84)
 w - a wand of acid (11)
Scrolls
 f - a scroll of acquirement {unknown}
 j - 3 scrolls of fog
 m - a scroll of silence {unknown}
 o - a scroll of summoning {unknown}
 r - a scroll of teleportation {unknown}
 s - a scroll of identify {unknown}
 t - a scroll of immolation {unknown}
 v - a scroll of amnesia {unknown}
 y - a scroll of fear {unknown}
 z - a scroll of noise {unknown}
 A - a scroll of enchant armour
 C - a scroll of brand weapon {unknown}
Potions
 e - a potion of invisibility {unknown}
 i - a potion of heal wounds {unknown}
 l - 2 potions of curing
 n - 2 potions of magic
 p - a potion of resistance
 q - a potion of ambrosia {unknown}
 u - a potion of haste {unknown}
 D - a potion of degeneration {unknown}


   Skills:
 + Level 7.9 Fighting
 + Level 4.5 Long Blades
 + Level 11.2 Maces & Flails
 + Level 8.8 Armour
 + Level 2.6 Dodging
 + Level 0.2 Stealth
 + Level 6.9 Shields
 + Level 0.1 Invocations


You had 9 spell levels left.
You didn't know any spells.
Your spell library contained the following spells:

 Spells                   Type           Power      Damage    Failure   Level
 Corpse Rot               Necr/Air       0%         N/A       100%        2
 Ensorcelled Hibernation  Hex/Ice        0%         N/A       100%        2
 Poisonous Vapours        Pois/Air       0%         N/A       100%        2
 Portal Projectile        Hex/Tloc       0%         N/A       100%        3
 Spider Form              Tmut/Pois      0%         N/A       100%        3
 Anguish                  Hex/Necr       0%         N/A       100%        4
 Blade Hands              Tmut           0%         N/A       100%        5
 Excruciating Wounds      Necr           0%         N/A       100%        5
 Freezing Cloud           Conj/Ice/Air   0%         6-21      100%        5
 Polar Vortex             Ice            0%         N/A       100%        9
 Summon Small Mammal      Summ           Unusable   N/A       N/A         1
 Call Canine Familiar     Summ           Unusable   N/A       N/A         3
 Summon Guardian Golem    Hex/Summ       Unusable   N/A       N/A         3
 Simulacrum               Ice/Necr       Unusable   N/A       N/A         6

Dungeon Overview and Level Annotations

Branches:
Dungeon (9/15)             Temple (1/1) D:5
   Lair: D:8-11         Orc: D:9-12

Altars:
Ashenzari
Cheibriados
Elyvilon
Fedhas
Hepliaklqana
Kikubaaqudgha
Nemelex Xobeh
Okawaru
Qazlal
Ru
Sif Muna
Trog
Uskayaw
Vehumet
Wu Jian
Xom
Yredelemnul
Zin
The Shining One
Beogh

Shops:
D:7 :

Annotations:
D:2 Sigmund
D:3 3 runed translucent doors, Jerry's ghost, amateur TrHu
D:8 Dig
D:9 Erica


Innate Abilities, Weirdness & Mutations

You have a pair of horns on your head.
You reflexively headbutt those who attack you in melee.


Message History

You hit the wight. Lightning courses through the wight!
You destroy the wight!
Okawaru accepts your kill.
You puncture the wight!
The wight is severely damaged.
You block the orc warrior's attack. The wight hits you but does no damage.
The wight hits you with a +2 dagger of flaming.
* * * LOW HITPOINT WARNING * * *
The wight burns you.
* * * LOW HITPOINT WARNING * * *
You puncture the wight!
You destroy the wight!
Okawaru accepts your kill.
You can now speed up your combat.
The orc warrior hits you but does no damage.
You puncture the wight!
The wight is severely damaged.
The wight hits you with a +2 dagger of flaming.
* * * LOW HITPOINT WARNING * * *
You feel drained.
* * * LOW HITPOINT WARNING * * *
The wight burns you.
* * * LOW HITPOINT WARNING * * *
The orc warrior hits you but does no damage.
Okay, then.
It was a potion of curing.
You feel better.
The wight hits you with a +2 dagger of flaming.
* * * LOW HITPOINT WARNING * * *
You feel drained.
* * * LOW HITPOINT WARNING * * *
The wight burns you.
* * * LOW HITPOINT WARNING * * *
You block the orc warrior's attack.
It was a potion of magic.
Magic courses through your body. You block the wight's attack.
The orc warrior hits you but does no damage.
Okay, then.
You feel like a meek peon again.
Found a robe.
The wight hits you with a +2 dagger of flaming!
You die...

#.......#
#.......#
#..[....#
##.......# #
.........# .#
.........###.#
.............#
.......@.....#
.......z.....#
......##......##
......##o.......
.....##z.......
.....##......##
.......#
#..##z.....#
........#
#..##.o....#
.........#
#.z..).....#


You could see an orc warrior, 3 wights and an orc priest.

Vanquished Creatures
  Maggie (D:6)
  Grinder (D:6)
  A meliai zombie (D:6)
  A wyvern (D:7)
  A steam dragon (D:7)
  Menkaure (D:6)
  3 water moccasins
  2 ice beasts
  2 black bears
  A sky beast (D:6)
  A necrophage (D:6)
  An ogre (D:5)
  A centaur (D:9)
  2 kobold brigands
  A gnoll sergeant (D:5)
  5 scorpions
  6 killer bees (D:8)
  6 wights
  A howler monkey (D:6)
  2 jellies
  4 centaur zombies
  A gnoll shaman (D:7)
  4 orc priests
  2 hounds
  A centaur skeleton (D:5)
  Ijyb (D:4)
  2 iguanas
  6 orc wizards
  A killer bee zombie (D:6)
  A howler monkey zombie (D:5)
  9 adders
  14 gnolls
  2 white imps (D:7)
  An ufetubus (D:5)
  3 adder skeletons
  2 worms
  3 dart slugs
  20 orcs
  4 bats
  5 endoplasms
  2 giant cockroaches
  5 goblins
  3 hobgoblins
  18 kobolds
  A quokka (D:3)
  5 ball pythons
  5 frilled lizards
  4 rats
169 creatures vanquished.

Notes
Turn   | Place    | Note
-------+----------+-------------------------------------------
     0 | D:1      | Peloso the Minotaur Fighter began the quest for the Orb.
     0 | D:1      | Reached XP level 1. HP: 19/19 MP: 0/0
   270 | D:1      | Found a faded altar of an unknown god.
   344 | D:1      | Reached XP level 2. HP: 27/27 MP: 1/1
   447 | D:2      | Noticed Sigmund
   642 | D:2      | Reached XP level 3. HP: 25/33 MP: 2/2
   948 | D:3      | Reached XP level 4. HP: 27/40 MP: 3/3
  1255 | D:3      | Found a runed translucent gate.
  1255 | D:3      | Found a runed translucent gate.
  1255 | D:3      | Found a runed translucent gate.
  1256 | D:3      | Noticed Jerry's ghost (amateur TrHu)
  1258 | D:3      | Identified the +5 mace of Peloso's Sudden Death {holy,
                  | rElec rCorr}
  1893 | D:4      | Noticed a scorpion
  1897 | D:4      | Killed a scorpion
  1898 | D:4      | Reached XP level 5. HP: 47/47 MP: 4/4
  2066 | D:4      | Noticed Ijyb
  2072 | D:4      | Killed Ijyb
  2073 | D:4      | Reached skill level 1 in Maces & Flails
  2270 | D:4      | Reached skill level 2 in Maces & Flails
  2270 | D:4      | Reached XP level 6. HP: 53/53 MP: 5/5
  2326 | D:4      | Reached skill level 5 in Armour
  2579 | D:4      | Identified the +10 whip of Trauma {spect, Int+4}
  2604 | D:5      | Entered Level 5 of the Dungeon
  2649 | D:5      | Reached skill level 3 in Maces & Flails
  2683 | D:5      | Reached skill level 5 in Fighting
  2694 | D:5      | Reached skill level 4 in Maces & Flails
  2694 | D:5      | Reached skill level 1 in Dodging
  2697 | D:5      | Reached XP level 7. HP: 32/61 MP: 6/6
  2900 | D:5      | Found a staircase to the Ecumenical Temple.
  2909 | Temple   | Entered the Ecumenical Temple
  3008 | Temple   | Became a worshipper of Warmaster Okawaru
  3147 | D:5      | Reached skill level 5 in Maces & Flails
  3147 | D:5      | Reached skill level 5 in Shields
  3620 | D:6      | Noticed Grinder
  3629 | D:6      | Reached * piety under Okawaru
  3632 | D:6      | Reached skill level 6 in Maces & Flails
  3634 | D:6      | Reached XP level 8. HP: 65/70 MP: 7/7
  3639 | D:6      | Killed Grinder
  3642 | D:6      | Reached skill level 7 in Maces & Flails
  4066 | D:6      | Reached ** piety under Okawaru
  4127 | D:6      | Reached skill level 8 in Maces & Flails
  4157 | D:6      | Noticed Menkaure
  4166 | D:6      | Killed Menkaure
  4452 | D:6      | Reached XP level 9. HP: 74/78 MP: 8/8
  4612 | D:6      | Reached skill level 9 in Maces & Flails
  4775 | D:6      | Noticed Maggie
  4787 | D:6      | Killed Maggie
  5099 | D:7      | Found Xoh Kum's Book Shoppe.
  5546 | D:7      | Reached *** piety under Okawaru
  5547 | D:7      | Reached skill level 10 in Maces & Flails
  5696 | D:7      | Found a broken altar of Ashenzari.
  5724 | D:7      | Found a snail-covered altar of Cheibriados.
  5757 | D:7      | Found a sparkling altar of Nemelex Xobeh.
  5760 | D:7      | Found a shimmering altar of Xom.
  5762 | D:7      | Found a glowing silver altar of Zin.
  6107 | D:8      | Noticed a cyclops
  6107 | D:8      | Noticed a white ugly thing
  6107 | D:8      | Noticed a cyan ugly thing
  6107 | D:8      | Noticed a troll
  6107 | D:8      | Noticed a two-headed ogre
  6107 | D:8      | Noticed a skeletal warrior
  6130 | D:8      | Noticed a kobold demonologist
  6131 | D:8      | Noticed a moth of wrath
  6142 | D:8      | Noticed a gargoyle
  6156 | D:8      | a moth of wrath changed into a tarantella
  6196 | D:8      | Noticed a troll
  6196 | D:8      | a tarantella changed into a troll
  6212 | D:8      | Noticed a guardian serpent
  6212 | D:8      | a troll changed into a guardian serpent
  6219 | D:8      | a guardian serpent changed into a dream sheep
  6335 | D:8      | Reached skill level 11 in Maces & Flails
  6787 | D:9      | Noticed Erica
  6789 | D:9      | Reached XP level 10. HP: 54/88 MP: 6/9
  6793 | D:9      | Reached **** piety under Okawaru
  6811 | D:9      | HP: 3/86 [wight/+2 dagger of flaming (3)]
  6819 | D:9      | Slain by a wight

Illustrated notes

Levels and vault maps discovered:
D:1:      roderic_dead_forest, layout_basic,
          dreamdust_ecumenical_altar_angels_and_demons, item_on_display_a
D:2:      layout_loops_corners, uniq_sigmund, uniq_terence
D:3:      layout_basic, biasface_ghost_orc_armoury
D:4:      layout_gridville, uniq_ijyb
D:5:      layout_cave_pools, minmay_temple_entry_trees, st_stairs_6
D:6:      layout_basic, nicolae_concentric_dashed_squares_mild, uniq_menkaure,
          uniq_maggie, uniq_grinder
D:7:      layout_rooms, grunt_temple_overflow_open,
          mainiacjoe_overflow_big_doors, serial_shops, nicolae_stop_n_shop_1
D:8:      layout_rooms, minmay_misc_feat_roman, minivault_12
D:9:      layout_long_grid, orc_0_dummy, enter_bailey_8, grunt_ministairs_12,
          uniq_prince_ribbit1, uniq_erica
Temple:   eino_temple_rhombus

Skill      XL: |  1  2  3  4  5  6  7  8  9 |
---------------+----------------------------+-----
Shields        | 4 5 6 |  6.9
Fighting       | 4 5 6 7 |  7.9
Long Blades    | 3 4 |  4.5
Armour         | 4 5 6 7 8 |  8.8
Maces & Flails | 2 4 6 8 11 | 11.2
Dodging        | 1 2 |  2.6
Stealth        | |  0.2
Invocations    | |  0.1

Action                   |  1- 3 |  4- 6 |  7- 9 | 10-12 || total
-------------------------+-------+-------+-------+-------++-------
Melee: Long sword        |    62 |    33 |       |       ||    95
       Headbutt          |     8 |    15 |    33 |     2 ||    58
       Morningstar       |       |    67 |   150 |    10 ||   227
Invok: Heroism           |       |       |     2 |     1 ||     3
  Use: Potion            |     1 |     1 |       |     2 ||     4
       Scroll            |     1 |       |     2 |       ||     3
Armor: Scale mail        |    26 |     1 |       |       ||    27
       Chain mail        |       |    54 |    85 |     9 ||   148
Dodge: Dodged            |    18 |    39 |    50 |    10 ||   117
Block: Buckler           |    20 |    22 |       |       ||    42
       Kite shield       |       |       |    86 |     8 ||    94
